 Dungeon Crawl Stone Soup version 0.21.1-1-g345015fe64 (webtiles) character file.

338150 Ingvold the Executioner (level 21, -1/130 HPs)
             Began as a Hill Orc Fighter on May 18, 2018.
             Was the Champion of Okawaru.
             Slain by a small abomination (8 damage)
             ... created by a deep elf high priest
             ... on level 3 of the Elven Halls on May 28, 2018.
             The game lasted 04:16:48 (38196 turns).

Ingvold the Executioner (Hill Orc Fighter)         Turns: 38196, Time: 04:16:48

Health: -1/130     AC: 31    Str: 35 (37) XL:     21   Next: 52%
Magic:  31/33      EV: 11    Int: 10      God:    Okawaru [******]
Gold:   3169       SH: 21    Dex:  8      Spells: 20/20 levels left

rFire    + . .     SeeInvis +   C - +7 broad axe of Disgust {vamp, MR++ MP+9 Dex-2 Stlth+}
rCold    . . .     Gourm    .   Q - +3 shield {AC+3}
rNeg     . . .     Faith    +   l - +0 plate armour of Nummogin {rElec Str+8}
rPois    .         Spirit   .   T - +2 hat {SInv}
rElec    +         Reflect  .   Z - scarf {repulsion}
rCorr    .         Harm     .   v - +2 pair of gloves
MR       +++..                  j - +0 pair of boots
Stlth    ..........             A - amulet of faith
HPRegen  0.31/turn              K - ring of Iviekoq {rF+ Dex+2}
MPRegen  0.23/turn              G - +4 ring of strength

@: heroism, finesse, drained, repel missiles
A: horns 1, clever 1, clumsy 1, deterioration 1, frail 3, low mp 2, sense
surroundings 1, weak 2
}: 3/15 runes: decaying, serpentine, slimy
a: Heroism, Finesse, Renounce Religion


You were on level 3 of the Elven Halls.
You worshipped Okawaru.
Okawaru was exalted by your worship.
You were hungry.

You visited 8 branches of the dungeon, and saw 40 of its levels.
You also visited: Labyrinth.

You collected 3627 gold pieces.
You spent 458 gold pieces at shops.

Inventory:

Hand Weapons
 C - the +7 broad axe of Disgust (weapon) {vamp, MR++ MP+9 Dex-2 Stlth+}
   (Okawaru gifted it to you on level 4 of the Swamp)

   It inflicts no extra harm, but heals its wielder when it wounds a living foe.
   It affects your dexterity (-2).
   It affects your resistance to hostile enchantments.
   It affects your magic capacity (+9).
   It makes you more stealthy.
 N - the +9 broad axe of Drought {flame, rN+ Dex+2}
   (Okawaru gifted it to you on level 1 of the Lair of Beasts)

   It has been specially enchanted to burn those struck by it, causing extra
   injury to most foes and up to half again as much damage against particularly
   susceptible opponents.
   Big, fiery blades are also staple armaments of hydra-hunters.
   It affects your dexterity (+2).
   It protects you from negative energy.
Armour
 j - a +0 pair of boots (worn)
 l - the +0 plate armour of Nummogin (worn) {rElec Str+8}
   (You found it on level 6 of the Lair of Beasts)

   It affects your strength (+8).
   It insulates you from electricity.
 v - a +2 pair of gloves (worn)
 H - the +1 hat of Pimarhuff {+Fly}
   (Okawaru gifted it to you on level 2 of the Orcish Mines)

   It lets you fly.
 J - the +0 large shield of Sin {MR+++ Regen+ rCorr}
   (You bought it in a shop on level 2 of the Orcish Mines)

   It affects your resistance to hostile enchantments.
   It increases your rate of regeneration.
   It protects you from acid and corrosion.
 Q - a +3 shield of protection (worn)
 T - a +2 hat of see invisible (worn)
 X - the +0 cloak of Servitude {rC+}
   (You found it on level 5 of the Pits of Slime)

   It protects you from cold.
 Z - a scarf of repulsion (worn)
Jewellery
 a - a cursed -3 ring of intelligence
 s - the ring of Shadows {Umbra +Inv Stlth+}
   (You found it on level 5 of the Pits of Slime)

   [ring of stealth]

   It lets you turn invisible.
   It makes you more stealthy.
 u - the amulet of Gunkenel {Faith rC++ Str-5 Dex+5}
   (You found it on level 2 of the Elven Halls)

   [amulet of faith]

   It allows you to gain divine favour quickly.
   It affects your strength (-5).
   It affects your dexterity (+5).
   It greatly protects you from cold.
 A - an amulet of faith (around neck)
 D - an uncursed ring of poison resistance
 G - a +4 ring of strength (right hand)
 K - the ring of Iviekoq (left hand) {rF+ Dex+2}
   (You found it on level 5 of the Pits of Slime)

   [ring of protection from fire]

   It affects your dexterity (+2).
   It protects you from fire.
 S - the ring "Arotiupa" {rC+ Int+4 Stlth+}
   (You found it on level 5 of the Pits of Slime)

   [ring of stealth]

   It affects your intelligence (+4).
   It protects you from cold.
   It makes you more stealthy.
Wands
 b - a wand of digging (52)
 c - a wand of iceblast (41)
 d - a wand of scattershot (12)
 n - a wand of acid (58)
 r - a wand of flame (40)
 y - a wand of clouds (8)
 I - a wand of disintegration (8)
 U - a wand of polymorph (65)
 V - a wand of paralysis (82)
Scrolls
 e - 14 scrolls of remove curse
 g - 14 scrolls of teleportation
 i - 3 scrolls of silence
 k - a scroll of enchant weapon
 o - 4 scrolls of blinking
 q - 5 scrolls of fear
 t - 4 scrolls of fog
 w - a scroll of holy word
 L - 3 scrolls of magic mapping
 O - 5 scrolls of identify
Potions
 x - 7 potions of heal wounds
 z - 13 potions of curing
 E - a potion of haste
 M - 3 potions of might
 R - a potion of agility
Miscellaneous
 h - a phial of floods
 m - a phantom mirror
 p - a fan of gales
 B - a lamp of fire
 F - a lightning rod (4/4)
 W - a box of beasts
Comestibles
 f - 49 rations


   Skills:
 + Level 15.9(19.6) Fighting
 * Level 22.8(25.5) Axes
 * Level 20.0(23.6) Armour
 * Level 19.9(23.6) Shields
 - Level 8.0(7.0) Invocations
 + Level 12.6(11.5) Evocations


You had 20 spell levels left.
You didn't know any spells.

Dungeon Overview and Level Annotations

Branches:
Dungeon (15/15)            Temple (1/1) D:6            Lair (6/6) D:8
  Swamp (4/4) Lair:2        Snake (4/4) Lair:2        Slime (5/5) Lair:5
    Orc (2/2) D:12            Elf (3/3) Orc:2        Vaults (0/5) D:13
 Depths: D:15

Altars:
Ashenzari
Cheibriados
Dithmenos
Elyvilon
Fedhas
Gozag
Hepliaklqana
Kikubaaqudgha
Makhleb
Nemelex Xobeh
Okawaru
Qazlal
Ru
Sif Muna
Trog
Uskayaw
Vehumet
Wu Jian
Xom
Yredelemnul
Zin
The Shining One
Beogh
Jiyva

Shops:
D:6 [   D:7 [   D:9 [%%*   D:13 }   D:14 (   Orc:1 (   Orc:2 *[[=   Elf:1 ?
Elf:3 !   Snake:1 }   Snake:2 :?

Portals:
Trove: D:11 (show slimy rune of Zot)

Annotations:
D:9 1 runed door


Innate Abilities, Weirdness & Mutations

You have a pair of small horns on your head.
Your mind is acute. (Int +2)
You are clumsy. (Dex -2)
Your body sometimes deteriorates upon taking damage.
You are extremely frail. (-30% HP)
Your magical capacity is very low. (-20% MP)
You passively map a small area around you.
You are very weak. (Str -4)


Message History

The deep elf knight is empowered by the deep elf high priest's aura!
The deep elf mage is empowered by the deep elf high priest's aura!
You hit the large abomination. You headbutt the large abomination!
The large abomination is severely damaged.
You slash the hell rat! You slice the redback!!
You kill the redback!
The redback's corpse disappears in a puff of smoke!
You closely miss the redback.
The deep elf knight casts a spell.
The deep elf knight flickers and vanishes for a moment.
The large abomination hits you. You block the redback's attack.
The deep elf mage gestures at you while chanting.
The bolt of negative energy hits you!
You feel drained.
* * * LOW HITPOINT WARNING * * *
Your body deteriorates!
You feel weakened.
The bolt of negative energy hits the small abomination.
The small abomination completely resists.
The small abomination hits you!
You die...

...#....#((.#..#..#.....##.##..##
...'....#((.#..#..#..............
...#....#.(.#..#..#..#...........
...#....#.).#e.#..#..#..######'##
...#....#...#..#..#....[#........
...#....#...#ee#........'........
...#....#...#..§∩.∩..#§)#........
...#....#...#e.§ee...#.(#........
...#....+...+..§@s§§.#.(#########
...#....#...#..r§x§§5#...........
...#....#...#...)X..§#.(.........
...#....#...#........####'#######
,,,#....#...#(....§).............
*, #...#..#....(............
######...#(.#.....############ ,
.........#..#..#..#, , , ,
.........#..#..#..#,, , ,


You could see a deep elf annihilator, a deep elf knight (invisible), a deep elf
high priest, a large abomination, 3 deep elf magi, a redback, a small
abomination and a hell rat.

Vanquished Creatures
  the Royal Jelly (Slime:5)
  Dissolution (Slime:4)
  the Lernaean hydra (Swamp:4)
  Bai Suzhen (Snake:3)
  Nikola (Swamp:1)
  The ghost of lrwvr the Unseen, an adept DsGl of Wu Jian (Slime:5)
  Jorgrun (Swamp:4)
  20 acid blobs
  3 deep elf master archers (Elf:3)
  2 deep elf blademasters (Elf:3)
  2 thorn hunters (Swamp:4)
  Gastronok (Lair:1)
  Roxanne (Swamp:3)
  The ghost of Ykky the Unseen, an adept VSGl of Hepliaklqana (Snake:3)
  5 nagarajas (Snake:4)
  17 azure jellies
  4 deep elf sorcerers (Elf:3)
  An orc warlord (Orc:1)
  Louise (Elf:2)
  Aizul (Snake:3)
  3 deep elf elementalists (Elf:3)
  6 deep elf demonologists
  Azrael (Elf:2)
  A deep elf annihilator (Elf:3)
  The ghost of Schimscham the Frost Mage, a journeyman BaIE of Sif Muna (Orc:2)
  4 deep elf death magi
  An ettin (Orc:2)
  The ghost of Oravi the Spry, a journeyman MfTm of Okawaru (D:12)
  9 death oozes
  3 great orbs of eyes
  A minotaur (Lab)
  3 deep elf high priests (Elf:3)
  5 ogre magi
  Erolcha (Orc:1)
  15 naga warriors
  19 hydras
  A vault guard (D:13)
  22 two-headed ogres
  A ghost crab (Swamp:2)
  3 centaur warriors
  5 anacondas
  An orc high priest (Orc:1)
  6 alligators
  28 dancing weapons
  The ghost of Oravi the Nimble, a novice MfTm of Okawaru (D:7)
  8 shock serpents
  6 naga sharpshooters
  Sonja (D:14)
  9 sea snakes (Snake:4)
  21 deep elf knights
  A salamander mystic (Snake:3)
  14 swamp dragons
  2 spriggan druids (Swamp:4)
  3 unseen horrors
  8 deep elf archers
  2 naga ritualists
  2 wizards (D:13)
  3 orc knights
  3 necromancers (D:13)
  35 deep elf magi
  3 oklob plants
  9 salamanders
  2 orc sorcerers (Orc:2)
  15 shining eyes
  2 manticores
  5 mana vipers
  16 ugly things
  6 cyclopes
  3 elephants (Lair:6)
  28 black mambas
  10 guardian serpents
  Maurice (D:9)
  5 eyes of devastation
  17 naga magi
  5 gargoyles
  2 torpor snails
  A kobold demonologist (D:15)
  5 komodo dragons
  15 spiny frogs
  3 rime drakes
  3 centaur skeletons
  2 ice devils (Lair:5)
  4 polar bears (Lair:6)
  A jumping spider (shapeshifter) (Elf:2)
  A minotaur zombie (Lab)
  5 trolls
  A queen bee (shapeshifter) (Elf:1)
  A raiju (shapeshifter) (Elf:2)
  6 tyrant leeches
  8 blink frogs
  A minotaur skeleton (Lab)
  16 hornets
  90 slime creatures
  A hippogriff (shapeshifter) (Elf:1)
  6 bog bodies
  9 hippogriffs
  4 shadows
  24 spriggans
  3 air elementals
  3 water elementals
  2 wyverns
  2 hogs (D:7)
  10 fire elementals
  20 humans
  64 yaks
  Grum (D:9)
  14 golden eyes
  A steam dragon (D:13)
  3 hungry ghosts
  27 vampire mosquitoes
  60 nagas
  3 wargs
  4 insubstantial wisps (Swamp:2)
  10 swamp worms
  6 soldier ants (D:9)
  11 water moccasins
  7 porcupines
  12 orc warriors
  11 swamp drakes
  2 sky beasts
  5 black bears
  2 phantoms
  2 ice beasts
  23 wolves
  A hornet zombie (D:6)
  2 necrophages
  4 eyes of draining
  38 ogres
  4 boggarts (Lair:6)
  13 centaurs
  5 crocodiles
  3 big kobolds
  19 bullfrogs
  2 earth elementals
  A wyvern skeleton (D:14)
  4 scorpions
  13 killer bees
  An oklob sapling (D:13)
  A troll skeleton (Lab)
  8 wights (D:13)
  A howler monkey (D:8)
  An electric eel (Lair:1)
  A spriggan skeleton (Lab)
  5 crimson imps
  7 centaur zombies
  A bullfrog zombie (D:8)
  A quasit (D:10)
  5 jellies
  14 orc priests
  4 hounds
  16 orc wizards
  6 iguanas
  3 bullfrog skeletons
  11 worker ants
  A killer bee zombie (D:9)
  A worker ant zombie (D:10)
  3 gnolls (D:8)
  17 adders
  5 shadow imps
  2 oozes
  2 worms
  2 dart slugs
  7 leopard geckos
  68 orcs
  3 giant cockroaches
  3 goblins
  5 hobgoblins (D:2)
  3 jackals (D:3)
  4 quokkas
  8 ball pythons
  5 bats
  3 frilled lizards
  15 kobolds
  13 rats
  5 briar patches (Swamp:4)
  2 bushes
  4 crawling corpses (Elf:3)
  7 fungi
  17 plants
1370 creatures vanquished.

Vanquished Creatures (others)
  2 deep elf magi
  A spriggan (Swamp:4)
  2 yaks (Lair:4)
  A naga (Snake:4)
  2 orcs (Orc:2)
  A briar patch (Swamp:4)
  3 fungi
  4 plants
16 creatures vanquished.

Grand Total: 1386 creatures vanquished

Notes
Turn   | Place    | Note
-------+----------+-------------------------------------------
     0 | D:1      | Ingvold the Hill Orc Fighter began the quest for the Orb.
     0 | D:1      | Reached XP level 1. HP: 19/19 MP: 1/1
   226 | D:1      | Reached skill level 3 in Axes
   226 | D:1      | Reached XP level 2. HP: 24/27 MP: 2/2
   701 | D:2      | Reached XP level 3. HP: 29/33 MP: 3/3
  1460 | D:3      | Reached XP level 4. HP: 40/40 MP: 4/4
  1572 | D:3      | Reached skill level 4 in Axes
  1909 | D:4      | Reached XP level 5. HP: 46/46 MP: 5/5
  2107 | D:4      | Noticed an ogre
  2167 | D:4      | Reached XP level 6. HP: 51/53 MP: 6/6
  2438 | D:5      | Entered Level 5 of the Dungeon
  2471 | D:5      | Reached skill level 5 in Axes
  2482 | D:5      | Found a sacrificial altar of Ru.
  2598 | D:5      | Noticed an ice beast
  2608 | D:5      | Killed an ice beast
  2608 | D:5      | Reached skill level 5 in Armour
  2608 | D:5      | Reached skill level 5 in Shields
  3117 | D:5      | Reached XP level 7. HP: 60/60 MP: 7/7
  3447 | D:6      | Reached skill level 5 in Fighting
  3447 | D:6      | Reached skill level 6 in Axes
  3671 | D:6      | Found a staircase to the Ecumenical Temple.
  3678 | Temple   | Entered the Ecumenical Temple
  3752 | Temple   | Became a worshipper of Warmaster Okawaru
  4059 | D:6      | Found Poovys's Antique Armour Shoppe.
  4068 | D:6      | Reached XP level 8. HP: 42/68 MP: 8/8
  4449 | D:7      | Reached * piety under Okawaru
  4528 | D:7      | Reached skill level 7 in Axes
  4649 | D:7      | Noticed Oravi's ghost (novice MfTm)
  4725 | D:7      | Gained mutation: You have sharp toenails. [potion of mutation]
  4725 | D:7      | Gained mutation: You have a pair of small horns on your head. [potion of mutation]
  4725 | D:7      | Gained mutation: You passively map a small area around you. [potion of mutation]
  4725 | D:7      | Gained mutation: Your mind is acute. (Int +2) [potion of mutation]
  5010 | D:7      | Noticed a hippogriff
  5528 | D:7      | Reached skill level 1 in Invocations
  5555 | D:7      | Noticed a yak
  5555 | D:7      | Noticed a yak
  5568 | D:7      | Reached ** piety under Okawaru
  5568 | D:7      | Reached skill level 8 in Axes
  5576 | D:7      | Reached XP level 9. HP: 61/75 MP: 7/10
  5776 | D:7      | Killed Oravi's ghost
  5776 | D:7      | Reached *** piety under Okawaru
  5776 | D:7      | Reached skill level 9 in Axes
  5887 | D:7      | Found Liduof's Antique Armour Boutique.
  6046 | D:8      | Found a staircase to the Lair.
  6195 | D:8      | Reached XP level 10. HP: 56/86 MP: 11/13
  6418 | D:8      | Found a shimmering altar of Xom.
  6659 | D:9      | Found Viegra's Food Shoppe.
  6665 | D:9      | Reached skill level 10 in Axes
  6684 | D:9      | Found Siuck's General Store.
  6796 | D:9      | Found a runed door.
  6797 | D:9      | Found a runed gate.
  6800 | D:9      | Found the +9 staff of Olgreb {rPois}
  6804 | D:9      | Found a runed door.
  6823 | D:9      | Noticed Grum
  6830 | D:9      | Reached skill level 1 in Evocations
  6831 | D:9      | Reached **** piety under Okawaru
  6839 | D:9      | Killed Grum
  6840 | D:9      | Found a runed gate.
  7067 | D:9      | Found Qumilyim's Armour Emporium.
  7093 | D:9      | Found a runed gate.
  7141 | D:9      | Reached skill level 5 in Invocations
  7195 | D:9      | Reached ***** piety under Okawaru
  7553 | D:9      | Noticed Maurice
  7559 | D:9      | Reached skill level 11 in Axes
  7588 | D:9      | Found Juus's Food Shop.
  7588 | D:9      | Killed Maurice
  7588 | D:9      | Reached XP level 11. HP: 91/94 MP: 8/14
  7796 | D:9      | Bought a scroll of identify for 28 gold pieces
  8016 | Lair:1   | Entered Level 1 of the Lair of Beasts
  8048 | Lair:1   | Reached skill level 10 in Shields
  8143 | Lair:1   | Reached skill level 10 in Armour
  8730 | Lair:1   | Received a gift from Okawaru
  8761 | Lair:1   | Got a transparent broad axe {god gift}
  8762 | Lair:1   | Identified the +9 broad axe of Drought {flame, rN+ Dex+2} (Okawaru gifted it to you on level 1 of the Lair of Beasts)
  8966 | Lair:1   | Noticed Gastronok
  8979 | Lair:1   | Killed Gastronok
  8979 | Lair:1   | Reached skill level 12 in Axes
  9781 | Lair:2   | Reached XP level 12. HP: 103/103 MP: 17/17
  9854 | Lair:2   | Reached ****** piety under Okawaru
  9865 | Lair:2   | Found a staircase to the Snake Pit.
  9937 | Lair:2   | Received a gift from Okawaru
  9981 | Lair:2   | Found a staircase to the Swamp.
 10745 | Lair:3   | Noticed a six-headed hydra
 10750 | Lair:3   | Killed a four-headed hydra
 10797 | Lair:3   | Reached skill level 13 in Axes
 11569 | Lair:4   | Received a gift from Okawaru
 11779 | Lair:4   | Reached skill level 5 in Evocations
 12479 | Lair:5   | Found a staircase to the Slime Pits.
 12489 | Lair:5   | Reached XP level 13. HP: 99/111 MP: 19/19
 12492 | Lair:5   | Received a gift from Okawaru
 12495 | Lair:5   | Got a polished battleaxe {god gift}
 12547 | Lair:5   | Got a slimy halberd
 12723 | Lair:5   | Reached skill level 14 in Axes
 12729 | Lair:5   | Found a labyrinth entrance.
 12739 | Lab      | Entered a labyrinth
 13157 | Lab      | Reached skill level 10 in Fighting
 15272 | Lab      | Noticed a minotaur
 15279 | Lab      | Killed a minotaur
 15279 | Lab      | Received a gift from Okawaru
 15282 | Lab      | Got a topaz-encrusted scale mail {god gift}
 15344 | Lab      | Identified the +3 scale mail of Awe {rPois MR- Regen+ Str+2} (Okawaru gifted it to you in a labyrinth)
 15353 | Lab      | Got an ancient hunting sling
 15353 | Lab      | Got a fabulously ornate robe
 15378 | Lair:5   | Identified the +4 robe "Xiwyj" {rPois SInv} (You found it in a labyrinth)
 15990 | Lair:2   | Identified the cursed +0 halberd of the Shark {freeze, MP+9} (You found it on level 5 of the Lair of Beasts)
 15992 | Lair:2   | Identified the +7 hunting sling of the Eight Lovers {speed, MR+} (You found it in a labyrinth)
 15993 | Lair:2   | Identified the +8 battleaxe of Linearity {antimagic, rPois rF+ rC- Int+8 Stlth-} (Okawaru gifted it to you on level 5 of the Lair of Beasts)
 16108 | Lair:6   | Entered Level 6 of the Lair of Beasts
 16737 | Lair:6   | Reached XP level 14. HP: 117/122 MP: 20/20
 16801 | Lair:6   | Got a faintly humming plate armour
 16812 | Lair:6   | Identified the cursed +0 plate armour of Nummogin {rElec Str+8} (You found it on level 6 of the Lair of Beasts)
 17142 | Lair:6   | Reached skill level 15 in Axes
 17217 | Lair:6   | Received a gift from Okawaru
 17221 | Lair:6   | Got a dazzling hand axe {god gift}
 17225 | Lair:6   | Identified the +8 hand axe "Vaysosch" {flame, rElec} (Okawaru gifted it to you on level 6 of the Lair of Beasts)
 17640 | D:10     | Entered Level 10 of the Dungeon
 18465 | D:11     | Found a portal to a secret trove of treasure.
 18952 | D:12     | Received a gift from Okawaru
 19018 | D:12     | Noticed Oravi's ghost (journeyman MfTm)
 19040 | D:12     | Killed Oravi's ghost
 19412 | D:12     | Got an ichor-stained great sword
 19544 | D:12     | Found a staircase to the Orcish Mines.
 19561 | D:12     | Identified the cursed +0 great sword of Tuecveoth {freeze, +Rage} (You found it on level 12 of the Dungeon)
 19571 | Orc:1    | Entered Level 1 of the Orcish Mines
 19638 | Orc:2    | Entered Level 2 of the Orcish Mines
 19866 | Orc:2    | Found a staircase to the Elven Halls.
 19943 | Orc:2    | Received a gift from Okawaru
 19946 | Orc:2    | Got a fine hat {god gift}
 19957 | Orc:2    | Identified the +1 hat of Pimarhuff {+Fly} (Okawaru gifted it to you on level 2 of the Orcish Mines)
 20038 | Orc:2    | Noticed Schimscham's ghost (journeyman BaIE)
 20297 | Orc:2    | Killed Schimscham's ghost
 20450 | Orc:2    | Reached skill level 16 in Axes
 20468 | Orc:2    | Paralysed by an ogre mage for 7 turns
 20917 | Orc:1    | Noticed an orc warlord
 20948 | Orc:1    | Killed an orc warlord
 20948 | Orc:1    | Reached XP level 15. HP: 115/130 MP: 16/21
 21018 | Orc:1    | Found a roughly hewn altar of Beogh.
 21145 | Orc:1    | Noticed Erolcha
 21152 | Orc:1    | Killed Erolcha
 21372 | Orc:2    | Received a gift from Okawaru
 21388 | Orc:2    | Got a crude broad axe {god gift}
 21389 | Orc:2    | Identified the +1 broad axe "Gasiozix" {chop, rF+} (Okawaru gifted it to you on level 2 of the Orcish Mines)
 21398 | Orc:2    | Found Zakak's Armour Shoppe.
 21399 | Orc:2    | Found Zodita's Assorted Antiques.
 21399 | Orc:2    | Found Isonob's Antique Armour Shoppe.
 21399 | Orc:2    | Found Isatz's Jewellery Boutique.
 21574 | Orc:2    | Bought the cursed +0 large shield of Sin {MR+++ Regen+ rCorr} for 430 gold pieces
 21758 | Orc:1    | Found Pitwibes's Antique Weapon Shoppe.
 22348 | D:13     | Found Seshufau's Gadget Boutique.
 22654 | D:13     | Received a gift from Okawaru
 22853 | D:13     | Found a gate to the Vaults.
 22855 | D:13     | Reached skill level 17 in Axes
 23223 | D:14     | Found Daashy's Weapon Shop.
 23276 | D:14     | Noticed Sonja
 23284 | D:14     | Killed Sonja
 23284 | D:14     | Received a gift from Okawaru
 23327 | D:14     | Reached skill level 15 in Shields
 23387 | D:14     | Reached skill level 15 in Armour
 23427 | D:14     | Reached XP level 16. HP: 119/139 MP: 22/22
 23450 | D:14     | Got an ancient robe
 23486 | D:14     | Identified the +0 robe "Mewec Lijoun" {rElec Int+3} (You found it on level 14 of the Dungeon)
 23672 | D:15     | Entered Level 15 of the Dungeon
 23757 | D:15     | Received a gift from Okawaru
 23763 | D:15     | Got an encrusted demon whip {god gift}
 23764 | D:15     | Identified the +7 demon whip "Jellybane" {vamp, Str+3 Dex+5} (Okawaru gifted it to you on level 15 of the Dungeon)
 23840 | D:15     | Got a brightly glowing long sword
 23841 | D:15     | Identified the +9 long sword "Tely" {drain, +Blink} (You found it on level 15 of the Dungeon)
 24236 | Swamp:1  | Entered Level 1 of the Swamp
 24316 | Swamp:1  | Noticed Nikola
 24344 | Swamp:1  | Killed Nikola
 24349 | Swamp:1  | Received a gift from Okawaru
 24656 | Swamp:1  | Got a crude lead amulet
 24659 | Swamp:1  | Identified the amulet "Myoloted" {Inacc rF+} (You found it on level 1 of the Swamp)
 24672 | Swamp:1  | Found an opulent altar of Gozag.
 24677 | Swamp:1  | Reached skill level 18 in Axes
 25339 | Swamp:2  | Got a warped glaive
 25340 | Swamp:2  | Identified the +1 glaive of Elediej {protect, rPois rN+ Dex+4} (You found it on level 2 of the Swamp)
 25371 | Swamp:2  | Received a gift from Okawaru
 26052 | Swamp:3  | Noticed Roxanne
 26115 | Swamp:3  | Killed Roxanne
 26116 | Swamp:3  | Identified Roxanne's Catalogue of Stones (You took it off Roxanne on level 3 of the Swamp)
 26554 | Swamp:4  | Entered Level 4 of the Swamp
 26554 | Swamp:4  | Noticed a thorn hunter
 26561 | Swamp:4  | Killed a thorn hunter
 26600 | Swamp:4  | Reached XP level 17. HP: 139/148 MP: 24/24
 26665 | Swamp:4  | Noticed Jorgrun
 26674 | Swamp:4  | Killed Jorgrun
 26674 | Swamp:4  | Received a gift from Okawaru
 27260 | Swamp:4  | Noticed the 27-headed Lernaean hydra
 27275 | Swamp:4  | Killed the 22-headed Lernaean hydra
 27275 | Swamp:4  | Received a gift from Okawaru
 27275 | Swamp:4  | Reached skill level 19 in Axes
 27323 | Swamp:4  | Got a faintly glowing broad axe {god gift}
 27324 | Swamp:4  | Identified the +7 broad axe of Disgust {vamp, MR++ MP+9 Dex-2 Stlth+} (Okawaru gifted it to you on level 4 of the Swamp)
 27473 | Swamp:4  | Got a decaying rune of Zot
 27859 | Swamp:1  | Reached skill level 10 in Evocations
 27958 | Snake:1  | Entered Level 1 of the Snake Pit
 27958 | Snake:1  | Found Wucleror's Gadget Boutique.
 28052 | Snake:1  | Received a gift from Okawaru
 28390 | Snake:2  | Found Ymocu's Book Shop.
 28392 | Snake:2  | Found Side Xops's Magic Scroll Boutique.
 29044 | Snake:3  | Noticed Ykky's ghost (adept VSGl)
 29044 | Snake:3  | Noticed Bai Suzhen
 29056 | Snake:3  | Killed Ykky's ghost
 29071 | Snake:3  | Killed Bai Suzhen
 29077 | Snake:3  | Noticed Aizul
 29095 | Snake:3  | Killed Aizul
 29095 | Snake:3  | Reached XP level 18. HP: 138/159 MP: 25/25
 29311 | Snake:3  | Received a gift from Okawaru
 29769 | Snake:4  | Entered Level 4 of the Snake Pit
 30225 | Snake:4  | Reached skill level 20 in Axes
 30369 | Snake:4  | Received a gift from Okawaru
 30499 | Snake:4  | Got a serpentine rune of Zot
 30577 | Snake:4  | Received a gift from Okawaru
 30985 | Slime:1  | Entered Level 1 of the Pits of Slime
 31084 | Slime:1  | Found a viscous altar of Jiyva.
 31177 | Slime:1  | Reached XP level 19. HP: 168/168 MP: 27/27
 31346 | Slime:2  | Gained mutation: You are frail. (-10% HP) [a shining eye]
 31366 | Slime:2  | Gained mutation: Your body sometimes deteriorates upon taking damage. [a shining eye]
 32238 | Slime:3  | Received a gift from Okawaru
 32819 | Slime:4  | Noticed Dissolution
 32843 | Slime:4  | Killed Dissolution
 32843 | Slime:4  | Reached skill level 21 in Axes
 32947 | Slime:4  | Gained mutation: Your magical capacity is low. (-10% MP) [a shining eye]
 32948 | Slime:4  | Lost mutation: Your body sometimes deteriorates upon taking damage. [a shining eye]
 32949 | Slime:4  | Gained mutation: Your magical capacity is very low. (-20% MP) [a shining eye]
 33199 | Slime:5  | Entered Level 5 of the Pits of Slime
 33206 | Slime:5  | Gained mutation: You are weak. (Str -2) [a shining eye]
 33208 | Slime:5  | Gained mutation: You are very weak. (Str -4) [a shining eye]
 33318 | Slime:5  | Gained mutation: You are very frail. (-20% HP) [a shining eye]
 33345 | Slime:5  | Received a gift from Okawaru
 33348 | Slime:5  | Gained mutation: You are clumsy. (Dex -2) [a shining eye]
 33352 | Slime:5  | Gained mutation: Your body sometimes deteriorates upon taking damage. [a shining eye]
 33386 | Slime:5  | Lost mutation: You have sharp toenails. [a shining eye]
 33391 | Slime:5  | Noticed lrwvr's ghost (adept DsGl)
 33532 | Slime:5  | Killed lrwvr's ghost
 33539 | Slime:5  | Noticed the Royal Jelly
 33640 | Slime:5  | Killed the Royal Jelly
 33640 | Slime:5  | Received a gift from Okawaru
 33640 | Slime:5  | Reached skill level 15 in Fighting
 33640 | Slime:5  | Reached XP level 20. HP: 142/142 MP: 23/23
 33660 | Slime:5  | Got a pitted broad axe {god gift}
 33661 | Slime:5  | Identified the +3 broad axe of the Fox {chop, rPois rC+} (Okawaru gifted it to you on level 5 of the Pits of Slime)
 33731 | Slime:5  | Received a gift from Okawaru
 33805 | Slime:5  | Found the ring of Shadows {Umbra +Inv Stlth+}
 33833 | Slime:5  | Got a slimy rune of Zot
 33835 | Slime:5  | Got a twisted spear
 33858 | Slime:5  | Got a fine iron ring
 33864 | Slime:5  | Got a steaming spear
 33869 | Slime:5  | Got a bound marble ring
 33877 | Slime:5  | Got a jewelled cloak
 33891 | Slime:5  | Got a spiked scale mail
 33917 | Slime:5  | Identified the +6 scale mail "Ynkoado" {Str+4} (You found it on level 5 of the Pits of Slime)
 33938 | Slime:5  | Identified the +0 cloak of Servitude {rC+} (You found it on level 5 of the Pits of Slime)
 33949 | Slime:5  | Identified the ring of Iviekoq {rF+ Dex+2} (You found it on level 5 of the Pits of Slime)
 33951 | Slime:5  | Identified the ring "Arotiupa" {rC+ Int+4 Stlth+} (You found it on level 5 of the Pits of Slime)
 33956 | Slime:5  | Identified the cursed +0 spear of a treasure trove {pierce, +Rage rF+ MR+} (You found it on level 5 of the Pits of Slime)
 33957 | Slime:5  | Identified the +7 spear of Grontol {antimagic, *Corrode rF+ Dex+2} (You found it on level 5 of the Pits of Slime)
 33964 | Slime:5  | Got a smelly chain mail
 34370 | Slime:4  | Gained mutation: You are extremely frail. (-30% HP) [a shining eye]
 34871 | Lair:2   | Identified the +2 chain mail of the Duchess {rN+} (You found it on level 5 of the Pits of Slime)
 35185 | Elf:1    | Entered Level 1 of the Elven Halls
 35348 | Elf:1    | Found Lareilul's Magic Scroll Shoppe.
 35360 | Elf:1    | Received a gift from Okawaru
 35508 | Elf:1    | Reached skill level 22 in Axes
 36480 | Elf:2    | Got a flickering silver amulet
 36481 | Elf:2    | Identified the amulet of Gunkenel {Faith rC++ Str-5 Dex+5} (You found it on level 2 of the Elven Halls)
 36496 | Elf:2    | Found a runed gate.
 36496 | Elf:2    | Found a runed gate.
 36496 | Elf:2    | Found a runed gate.
 36869 | Elf:2    | Noticed Louise
 36880 | Elf:2    | Received a gift from Okawaru
 36881 | Elf:2    | Killed Louise
 36883 | Elf:2    | Noticed Azrael
 36900 | Elf:2    | Killed Azrael
 37057 | Elf:2    | Reached XP level 21. HP: 123/129 MP: 24/24
 37380 | Elf:3    | Entered Level 3 of the Elven Halls
 37407 | Elf:3    | Received a gift from Okawaru
 37413 | Elf:3    | Got a pitted hand axe {god gift}
 37414 | Elf:3    | Identified the +2 hand axe "Tiffi" {chop, Int+5} (Okawaru gifted it to you on level 3 of the Elven Halls)
 37579 | Elf:3    | Found Vyudd's Distillery.
 37581 | Elf:3    | Found an ancient bone altar of Kikubaaqudgha.
 38147 | Elf:3    | Received a gift from Okawaru
 38196 | Elf:3    | Slain by a small abomination

Skill      XL: |  1  2  3  4  5  6  7  8  9 10 11 12 13 14 15 16 17 18 19 20 21 |
---------------+----------------------------------------------------------------+-----
Axes           | 3 4 5 6 8 9 11 12 13 14 16 17 18 19 20 21 22 | 22.8
Shields        | 4 5 6 7 8 9 10 11 13 14 15 16 17 18 19 | 19.9
Armour         | 4 5 6 7 8 9 10 11 13 14 15 16 17 18 19 20 | 20.0
Fighting       | 4 5 6 7 8 9 10 11 12 13 14 15 | 15.9
Invocations    | 2 4 5 6 8 |  8.0
Evocations     | 2 4 5 6 7 8 9 10 11 12 | 12.6

Action                   |  1- 3 |  4- 6 |  7- 9 | 10-12 | 13-15 | 16-18 | 19-21 || total
-------------------------+-------+-------+-------+-------+-------+-------+-------++-------
Melee: War axe           |   118 |   146 |   320 |   239 |       |       |       ||   823
       Kick              |       |       |    38 |       |       |       |       ||    38
       Headbutt          |       |       |    19 |   113 |   212 |   277 |   213 ||   834
       Staff             |       |       |       |   125 |       |       |       ||   125
       Broad axe         |       |       |       |   205 |   882 |   965 |   909 ||  2961
Invok: Heroism           |       |       |     5 |    10 |    10 |     8 |    13 ||    46
       Finesse           |       |       |       |     3 |     4 |     6 |    10 ||    23
 Abil: Evoke Flight      |       |       |       |       |       |       |     1 ||     1
Evoke: Staff of Olgreb   |       |       |       |     3 |       |       |       ||     3
       Wand              |       |       |       |     3 |     1 |     3 |     1 ||     8
       Lamp of fire      |       |       |       |       |     2 |     1 |     2 ||     5
       Box of beasts     |       |       |       |       |       |     1 |     2 ||     3
       Lightning rod     |       |       |       |       |       |     4 |       ||     4
       Phantom mirror    |       |       |       |       |       |     1 |       ||     1
       Fan of gales      |       |       |       |       |       |       |     1 ||     1
  Use: Scroll            |     2 |     3 |     4 |     7 |    17 |    10 |    12 ||    55
       Potion            |       |     1 |     9 |       |     1 |     2 |     1 ||    14
 Stab: Distracted        |       |       |       |       |       |       |     2 ||     2
  Eat: Chunk             |     2 |    13 |     5 |    17 |    27 |    16 |    10 ||    90
       Ration            |       |       |       |     1 |     3 |     5 |     3 ||    12
Armor: Scale mail        |    51 |       |       |       |       |       |       ||    51
       Chain mail        |    25 |    76 |   137 |    83 |       |       |       ||   321
       Skin              |       |       |    35 |       |       |       |       ||    35
       Plate armour      |       |       |       |   123 |   285 |   292 |   353 ||  1053
Dodge: Dodged            |    34 |    25 |    58 |   145 |   154 |   140 |   154 ||   710
       Deflected         |       |       |       |       |       |    18 |    28 ||    46
Block: Shield            |    54 |    77 |   180 |   314 |   355 |   215 |   420 ||  1615
       Large shield      |       |       |       |       |   175 |   681 |   285 ||  1141
